 Dungeon Crawl Stone Soup version 0.19-a0-1786-g230130f (webtiles) character file.

959 Amnesiac the Archer (level 7, 0/50 HPs)
             Began as a Mummy Hunter on Oct 3, 2016.
             Was a Follower of Okawaru.
             Slain by an ogre
             ... wielding a +0 giant spiked club
              (23 damage)
             ... on level 6 of the Dungeon.
             The game lasted 00:12:33 (6946 turns).

Amnesiac the Archer (Mummy Hunter)                  Turns: 6946, Time: 00:12:33

Health: 0/50       AC: 15    Str: 15    XL:     7   Next: 91%
Magic:  7/7        EV: 11    Int: 15    God:    Okawaru [*.....]
Gold:   220        SH:  0    Dex: 14    Spells: 0 memorised, 6 levels left

rFire  x . .     SeeInvis .     a - +2 shortbow
rCold  + . .     Gourm    .     n - +5 ring mail of Beogh's Indignation {-Cast rElec MR+ Int+4}
rNeg   + + +     Faith    .     (shield currently unavailable)
rPois  ∞         Spirit   .     k - +0 helmet
rElec  +         Dismiss  .     (no cloak)
rCorr  .         Reflect  .     f - +0 pair of gloves (curse)
MR     +....     Harm     .     d - +2 pair of boots
Stlth  +......... NoCast   +    (no amulet)
                                (no ring)
                                (no ring)

@: no status effects
A: no food or potions, fire vulnerability, cold resistance 1, negative energy
resistance 3, torment resistance, unbreathing
a: Heroism, Renounce Religion


You were on level 6 of the Dungeon.
You worshipped Okawaru.
Okawaru was aware of your devotion.
You were not hungry.

You visited 1 branch of the dungeon, and saw 6 of its levels.

You collected 220 gold pieces.

Inventory:

Hand Weapons
 a - a +2 shortbow (weapon)
 g - a +0 hand axe of electrocution
 l - a +0 quarterstaff
Missiles
 m - 23 arrows (quivered)
Armour
 d - a +2 pair of boots (worn)
 f - a cursed +0 pair of gloves (worn)
 h - a +0 buckler
 k - a +0 helmet (worn)
 n - the +5 ring mail of Beogh's Indignation (worn) {-Cast rElec MR+ Int+4}
   (You found it on level 5 of the Dungeon)

   It affects your intelligence (+4).
   It insulates you from electricity.
   It affects your resistance to hostile enchantments.
   It prevents spellcasting.
Wands
 b - a wand of slowing (0/48)
Scrolls
 c - a scroll of amnesia {unknown}
 e - 6 scrolls of identify
 j - a scroll of enchant armour


   Skills:
 - Level 2.0 Fighting
 + Level 8.4 Bows
 - Level 1.5 Dodging
 - Level 0.7 Stealth


You had 6 spell levels left.
You didn't know any spells.

Dungeon Overview and Level Annotations

Branches:
Dungeon (6/15)
 Temple: D:4-7

Altars:
Ashenzari
Dithmenos
Okawaru
Qazlal
Uskayaw
Xom

Shops:
D:5 *(

Annotations:
D:5 Eustachio
D:6 George's ghost, novice DsMo


Innate Abilities, Weirdness & Mutations

You do not eat or drink.
Your flesh is vulnerable to fire.
You are immune to poison.
Your flesh is cold resistant. (rC+)
You are immune to negative energy. (rN+++)
You are immune to unholy pain and torment.
You can survive without breathing.


Message History

a leather armour; a trident; a leather armour; an orc skeleton George's ghost shouts, "Very impressive.
But it won't help.
Nothing will."
You see here 2 arrows.
m - 23 arrows (gained 2) George's ghost completely misses you.
Press: ? - help, . - travel You can't see that place. [a rock wall.]
An ogre comes into view. It is wielding a giant spiked club.
The ogre shouts!
The ogre hits you with a giant spiked club.
George's ghost screams, "What do you have that I didn't have?"
George's ghost says, "First you will suffer, then you will die."
An orc comes into view. It is wielding a whip.
You see here 22 stones.
The orc shouts!
An orc comes into view. It is wielding a flail.
The orc shouts!
You hear a shout!
The ogre hits you with a giant spiked club!!
You die...

#..##.......#.##.#..#...# #[
#..##.......#.##.#....#.###.
#..##............#.#.##.....
#..##..............#.####...
#..........#.######.# ####
#.####.#.#.#.# #.#### # #.#
#..##.#.# #....# # #.#
#.###.#.# ####.# #
#.####.###@#.#########.####
##.##......oo..O...............
#.....<....#####........%#.####
#..#...###.# ###########.#
#....#.. ..# #.# #(##...## #W#
# ##.## #.# .. #.# #. #.####


You could see an ogre and 2 orcs.

Vanquished Creatures
  2 sky beasts
  An ice beast (D:6)
  An ogre (D:4)
  2 scorpions
  A bullfrog zombie (D:5)
  A gnoll shaman (D:4)
  An orc wizard (D:6)
  Natasha (thrice) (D:3)
  2 worker ants (D:4)
  A hound zombie (D:4)
  Robin (D:3)
  5 adders
  10 gnolls
  A howler monkey skeleton (D:4)
  2 oozes
  An adder skeleton (D:4)
  2 worms
  4 dart slugs
  3 leopard geckos
  9 orcs
  4 bats
  2 giant cockroaches
  9 goblins
  7 hobgoblins
  4 jackals (D:4)
  6 kobolds
  2 quokkas
  3 frilled lizards
  3 quokka skeletons (D:5)
  6 rats
99 creatures vanquished.

Vanquished Creatures (others)
  5 dream sheep (D:3)
5 creatures vanquished.

Grand Total: 104 creatures vanquished

Notes
Turn   | Place    | Note
-------+----------+-------------------------------------------
     0 | D:1      | Amnesiac the Mummy Hunter began the quest for the Orb.
     0 | D:1      | Reached XP level 1. HP: 16/16 MP: 1/1
   133 | D:1      | Reached XP level 2. HP: 18/22 MP: 2/2
   534 | D:2      | Found a shadowy altar of Dithmenos.
   539 | D:2      | Reached skill level 4 in Bows
   582 | D:2      | Reached XP level 3. HP: 23/27 MP: 3/3
   868 | D:2      | Reached XP level 4. HP: 15/33 MP: 4/4
  1866 | D:3      | Noticed Natasha
  1874 | D:3      | Killed Natasha
  1874 | D:3      | Reached skill level 5 in Bows
  1889 | D:3      | Noticed a dream sheep
  1889 | D:3      | Noticed a dream sheep
  1889 | D:3      | Noticed a dream sheep
  1889 | D:3      | Noticed a dream sheep
  1889 | D:3      | Noticed a dream sheep
  1889 | D:3      | Found a shimmering altar of Xom.
  1894 | D:3      | Killed a dream sheep
  1894 | D:3      | Killed a dream sheep
  1894 | D:3      | Killed a dream sheep
  1895 | D:3      | Killed a dream sheep
  1895 | D:3      | Killed a dream sheep
  2021 | D:3      | Reached XP level 5. HP: 18/38 MP: 5/5
  2335 | D:4      | Noticed an ogre
  2349 | D:3      | Noticed Robin
  2457 | D:4      | Found a hide-covered altar of Uskayaw.
  2694 | D:4      | Killed an ogre
  2694 | D:4      | Reached skill level 6 in Bows
  2789 | D:4      | Reached XP level 6. HP: 39/44 MP: 6/6
  3001 | D:4      | Noticed a sky beast
  3026 | D:4      | Killed a sky beast
  3568 | D:5      | Entered Level 5 of the Dungeon
  3575 | D:5      | Noticed Eustachio
  3748 | D:5      | Noticed an ice beast
  3773 | D:5      | Found Paeclihu's Assorted Antiques.
  3787 | D:5      | Found Senyus's Weapon Shoppe.
  4160 | D:5      | Reached skill level 7 in Bows
  4160 | D:5      | Reached XP level 7. HP: 28/50 MP: 7/7
  4241 | D:5      | Found an iron altar of Okawaru.
  4251 | D:5      | Became a worshipper of Warmaster Okawaru
  4707 | D:3      | Noticed Natasha
  4717 | D:3      | Killed Natasha
  4886 | D:3      | Noticed Natasha
  4895 | D:3      | Killed Natasha
  5312 | D:3      | Killed Robin
  5791 | D:5      | Got an encrusted ring mail
  5814 | D:5      | Identified the +5 ring mail of Beogh's Indignation {-Cast rElec MR+ Int+4} (You found it on level 5 of the Dungeon)
  6577 | D:6      | Reached skill level 8 in Bows
  6623 | D:6      | Reached * piety under Okawaru
  6686 | D:6      | Found a shattered altar of Ashenzari.
  6697 | D:6      | Found a stormy altar of Qazlal.
  6809 | D:6      | Noticed George's ghost (novice DsMo)
  6946 | D:6      | Slain by an ogre

Vault maps used:
D:1:      dpeg_arrival_boxes_within_box
D:2:      lemuel_crystal_altar
D:3:      hangedman_abyss_or_decor_lesser_grid, kb_xom_exploding_sheep,
          uniq_robin, uniq_natasha
D:4:      eat_drink_and_be_merry_uskayaw, first_bread
D:5:      serial_shops, shop_fountains, nicolae_shop_trees, okawaru_trees_1,
          uniq_eustachio
D:6:      grunt_qazlal_sundering, kennysheep_mini_moat, tso_altar, uniq_pikel,
          uniq_grinder

Skill      XL: |  1  2  3  4  5  6  7 |
---------------+----------------------+-----
Bows           | 4 5 6 7 8 |  8.4
Fighting       | |  2.0
Dodging        | |  1.5
Stealth        | |  0.7

Action                   |  1- 3 |  4- 6 |  7- 9 || total
-------------------------+-------+-------+-------++-------
Melee: Quarterstaff      |       |   149 |   156 ||   305
       Short sword       |       |     8 |       ||     8
       Hand axe          |       |       |    13 ||    13
 Fire: Shortbow          |    69 |    82 |    12 ||   163
Throw: Throwing net      |       |     2 |       ||     2
Evoke: Wand              |       |     4 |     6 ||    10
  Use: Scroll            |       |     5 |     6 ||    11
Armor: Leather armour    |     7 |    50 |    50 ||   107
       Ring mail         |       |       |    94 ||    94
Dodge: Dodged            |    20 |   124 |   207 ||   351
